 Dungeon Crawl Stone Soup version 0.23-b1-51-gfe822ef6ca (webtiles) character file.

Game seed: 210717618443206637

7015 Morbidden the Slasher (level 10, -8/75 HPs)
             Began as a Demonspawn Gladiator on Feb 3, 2019.
             Was a High Priest of Cheibriados.
             Mangled by an orc warrior
             ... wielding a +0 glaive
              (9 damage)
             ... in a bailey.
             The game lasted 00:33:09 (12274 turns).

Morbidden the Slasher (Demonspawn Gladiator)       Turns: 12274, Time: 00:33:10

Health: -8/75      AC: 14    Str: 27    XL:     10   Next: 82%
Magic:  12/17      EV: 22    Int: 24    God:    Cheibriados [*****.]
Gold:   231        SH:  0    Dex: 32    Spells: 13/19 levels left

rFire    . . .     SeeInvis .   a - +4 great sword (slice)
rCold    . . .     Gourm    .   (shield currently unavailable)
rNeg     . . .     Faith    .   z - +1 acid dragon scales
rPois    .         Spirit   .   (helmet restricted)
rElec    .         Reflect  .   A - +0 cloak
rCorr    +         Harm     .   o - +0 pair of gloves
MR       +....                  (no boots)
Stlth    ++++......             (no amulet)
HPRegen  0.22/turn              l - ring of protection from magic
MPRegen  0.15/turn              (no ring)

@: agile, studying Fighting, very slow
A: claws 1, hooves 2, horns 1, iridescent scales 2, demonic guardian 1, powered
by pain 1
a: Bend Time, Temporal Distortion, Slouch, Step From Time, Renounce Religion


You were in a bailey.
You worshipped Cheibriados.
Cheibriados was extremely pleased with you.
You were very hungry.

You visited 2 branches of the dungeon, and saw 10 of its levels.
You also visited: Bailey.

You collected 524 gold pieces.
You spent 293 gold pieces at shops.

Inventory:

Hand Weapons
 a - a +4 great sword of slicing (weapon)
 b - a +3 short sword of freezing
 g - a +1 scimitar
 j - a +3 arbalest
Missiles
 d - a throwing net (quivered)
 m - 181 bolts
Armour
 o - a +0 pair of gloves (worn)
 r - the +0 helmet of the Ladybird {+Fly rElec SInv}
   (You took it off Robin on level 3 of the Dungeon)

   It insulates you from electricity.
   It lets you see invisible.
   It lets you fly.
 z - +1 acid dragon scales (worn)
 A - a +0 cloak (worn)
Jewellery
 h - the ring "Ulotoz" {Ice SInv}
   (You took it off an orc wizard on level 5 of the Dungeon)

   [ring of ice]

   It enhances your ice magic.
   It makes you vulnerable to fire.
   It protects you from cold.
   It lets you see invisible.
 l - a ring of protection from magic (left hand)
Wands
 k - a wand of iceblast (8)
 C - a wand of paralysis (5)
Scrolls
 i - 3 scrolls of remove curse
 q - 2 scrolls of amnesia
 s - 2 scrolls of identify
Potions
 c - 2 potions of haste
 e - a potion of mutation
 t - a potion of magic
Books
 p - a manual of Fighting
Comestibles
 f - 11 rations


   Skills:
 * Level 5.6 Fighting
 + Level 5.3(7.1) Short Blades
 + Level 7.4(8.2) Long Blades
 + Level 1.8 Crossbows
 - Level 2.0 Throwing
 + Level 4.3 Armour
 + Level 5.1 Dodging
 + Level 4.7 Stealth
 * Level 5.3 Spellcasting
 * Level 6.6 Necromancy
 * Level 2.0 Invocations
 - Level 1.0 Evocations


You had 13 spell levels left.
You knew the following spells:

 Your Spells              Type           Power        Failure   Level  Hunger
a - Vampiric Draining     Necr           #####.....   1%          3    ##.....
b - Regeneration          Chrm/Necr      ###.......   8%          3    ##.....

Your spell library contained the following spells:

 Spells                   Type           Power        Failure   Level  Hunger
 Animate Skeleton         Necr           N/A          1%          1    None
 Pain                     Necr           ####         1%          1    None
 Animate Dead             Necr           N/A          6%          4    ####...
 Apportation              Tloc           #.....       11%         1    None
 Beastly Appendage        Tmut           #.....       11%         1    None
 Confusing Touch          Hex            #.....       11%         1    None
 Summon Small Mammal      Summ           #...         11%         1    None
 Sticks to Snakes         Tmut           #.......     16%         2    None
 Confuse                  Hex            #.......     30%         3    ##.....
 Gell's Gravitas          Tloc           #.........   30%         3    ##.....
 Spider Form              Tmut/Pois      #.........   30%         3    ##.....
 Ice Form                 Ice/Tmut       #.......     71%         4    ####...
 Petrify                  Tmut/Erth      #.......     71%         4    ####...
 Blade Hands              Tmut           #.........   96%         5    #####..
 Metabolic Englaciation   Hex/Ice        #.........   96%         5    #####..
 Yara's Violent Unravell  Hex/Tmut       #.........   96%         5    #####..


Dungeon Overview and Level Annotations

Branches:
Dungeon (9/15)             Temple (1/1) D:4            Lair (0/6) D:8
    Orc: D:9-12

Altars:
Ashenzari
Cheibriados
Dithmenos
Elyvilon
Fedhas
Gozag
Hepliaklqana
Kikubaaqudgha
Makhleb
Nemelex Xobeh
Okawaru
Qazlal
Ru
Sif Muna
Trog
Uskayaw
Vehumet
Wu Jian
Xom
Yredelemnul
Zin
The Shining One

Shops:
D:5 (


Innate Abilities, Weirdness & Mutations

You have hoof-like feet.
You are mostly covered in iridescent scales. (AC +4)
A weak demonic guardian rushes to your aid.
You sometimes gain a little power by taking damage.
You have sharp fingernails.
You have a pair of small horns on your head.


Message History

The orc warrior is lightly wounded.
The orc warrior misses you.
The orc warrior completely misses you. x2
Unknown command.
You slice the orc warrior!!
You kill the orc warrior!
Cheibriados thoroughly appreciates the change of pace.
The orc warrior completely misses you.
The orc warrior hits you from afar with a +0 halberd!!
* * * LOW HITPOINT WARNING * * *
Unknown command.
Unknown command.
Unknown command.
Unknown command.
Unknown command.
Okay, then.
Okay, then.
Okay, then.
You can feel time thicken for a moment.
You feel somewhat more hungry.
The orc warrior hits you from afar with a +0 glaive!
You die...

...≈≈#.#≈≈≈≈≈≈≈≈≈≈≈≈≈≈≈≈≈≈≈#)#≈≈.
...≈##.##≈≈≈≈≈≈≈≈≈≈≈≈≈≈≈≈≈##.##≈.
...≈).^..≈≈≈≈≈≈≈≈≈≈≈≈≈≈≈≈≈..^..≈.
...≈##.∩#≈≈≈≈≈≈≈≈≈≈≈≈≈≈≈≈≈#∩.##≈.
...≈≈#)#≈≈≈≈≈≈#######≈≈≈≈≈≈#.#≈≈.
...≈≈≈≈≈≈≈≈≈≈##≈≈≈≈##≈≈≈≈≈≈≈≈≈≈≈.
...≈≈≈≈≈≈≈≈≈##≈≈≈≈≈##≈≈≈≈≈≈≈≈)≈≈.
...≈≈≈≈≈≈≈≈##≈≈#'''##≈≈≈≈≈≈≈≈≈≈≈.
...≈≈≈≈≈≈≈≈#≈≈##@)∩##≈≈##≈≈≈≈≈≈≈.
...≈≈≈≈≈≈≈##≈####)####≈##≈≈≈≈≈≈≈.
...≈≈≈≈≈≈≈##≈')#.oo#)'≈##≈≈≈≈≈≈≈.
...≈≈≈≈≈≈≈##≈###._.###≈##≈≈≈≈≈≈≈.
...≈≈≈≈≈)≈##≈'.#?.)#)'≈##≈≈≈≈≈≈≈.
...≈≈≈≈≈≈≈##≈#########≈##≈≈≈≈≈≈≈.
...≈≈≈≈≈≈≈≈#≈≈##.#.##≈≈#≈≈≈≈≈≈≈≈.
...≈≈≈≈≈≈≈≈##≈≈#'#)#≈≈##≈≈≈≈≈≈≈≈.
...≈≈≈≈≈≈≈≈≈##≈)≈)≈≈≈##≈≈≈≈≈≈≈≈≈.


You could see 2 orc warriors.

Vanquished Creatures
  A two-headed ogre (D:9)
  An orc knight (Bailey)
  2 komodo dragons (D:8)
  A hippogriff (D:8)
  A vampire (D:9)
  2 wyverns (D:8)
  A basilisk (D:8)
  Grum (D:8)
  An acid dragon (D:8)
  2 ice beasts
  2 sky beasts (D:8)
  A necrophage (D:8)
  An ogre (D:5)
  11 orc warriors
  A phantom (D:8)
  3 wolves
  2 centaurs
  3 bullfrogs
  A big kobold (D:9)
  A gnoll sergeant (D:9)
  2 scorpions
  9 wights
  5 howler monkeys
  4 crimson imps
  A bullfrog zombie (D:6)
  A quasit (D:7)
  4 hounds
  2 jellies
  2 orc priests
  8 orc wizards
  3 iguanas
  7 worker ants
  Robin (D:3)
  A worker ant zombie (D:5)
  6 gnolls
  18 adders
  A shadow imp (D:7)
  2 oozes
  An adder skeleton (D:4)
  4 worms
  6 leopard geckos
  51 orcs
  3 bats
  6 giant cockroaches
  13 goblins
  7 hobgoblins
  12 jackals
  2 quokkas (D:3)
  2 ball pythons
  9 frilled lizards
  19 kobolds
  A leopard gecko skeleton (D:5)
  A leopard gecko zombie (D:5)
  A quokka skeleton (D:4)
  7 rats
  A plant (D:1)
262 creatures vanquished.

Vanquished Creatures (collateral kills)
  2 ice beasts (D:5)
  An ogre (D:6)
  A centaur (D:8)
  3 wights (D:6)
  2 orc priests (D:7)
  An orc wizard (D:5)
  A worm (D:5)
  5 orcs
  A hobgoblin (D:3)
  4 goblins (D:3)
  A rat (D:3)
22 creatures vanquished.

Vanquished Creatures (others)
  A plant (D:1)
1 creature vanquished.

Grand Total: 285 creatures vanquished

Notes
Turn   | Place    | Note
-------+----------+-------------------------------------------
     0 | D:1      | Morbidden the Demonspawn Gladiator began the quest for the
                  | Orb.
     0 | D:1      | Reached XP level 1. HP: 16/16 MP: 1/1
   152 | D:1      | Gained mutation: You are partially covered in iridescent
                  | scales. (AC +2) [demonic ancestry]
   152 | D:1      | Reached XP level 2. HP: 22/22 MP: 2/2
   158 | D:1      | Reached skill level 3 in Long Blades
   504 | D:1      | Reached XP level 3. HP: 27/27 MP: 3/3
   567 | D:2      | HP: 1/27 [worm (7)]
  1119 | D:2      | Gained mutation: You have sharp fingernails. [potion of
                  | mutation]
  1119 | D:2      | Gained mutation: You have a pair of small horns on your
                  | head. [potion of mutation]
  1120 | D:2      | Gained mutation: A weak demonic guardian rushes to your
                  | aid. [demonic ancestry]
  1120 | D:2      | Reached XP level 4. HP: 3/33 MP: 4/4
  1408 | D:2      | Reached skill level 1 in Armour
  2621 | D:3      | Reached skill level 4 in Long Blades
  2621 | D:3      | Gained mutation: You sometimes gain a little power by
                  | taking damage. [demonic ancestry]
  2621 | D:3      | Reached XP level 5. HP: 37/39 MP: 5/5
  2741 | D:3      | Found a basalt altar of Yredelemnul.
  2750 | D:3      | Identified the +0 helmet of the Ladybird {+Fly rElec SInv}
  2750 | D:3      | Noticed Robin
  2775 | D:3      | Killed Robin
  3305 | D:4      | Gained mutation: You are mostly covered in iridescent
                  | scales. (AC +4) [demonic ancestry]
  3305 | D:4      | Reached XP level 6. HP: 44/46 MP: 6/6
  3787 | D:4      | Found a staircase to the Ecumenical Temple.
  3796 | Temple   | Entered the Ecumenical Temple
  3870 | Temple   | Became a worshipper of Cheibriados the Contemplative
  3918 | D:4      | Reached skill level 1 in Stealth
  4102 | D:4      | Learned a level 3 spell: Vampiric Draining
  4321 | D:5      | Entered Level 5 of the Dungeon
  4325 | D:5      | Noticed an ice beast
  4343 | D:5      | Killed an ice beast
  4343 | D:5      | Reached skill level 1 in Short Blades
  4387 | D:5      | Reached skill level 5 in Long Blades
  4579 | D:5      | Reached skill level 1 in Necromancy
  4579 | D:5      | Gained mutation: You have large cloven feet. [demonic
                  | ancestry]
  4579 | D:5      | Reached XP level 7. HP: 51/51 MP: 8/8
  4673 | D:5      | Identified the ring "Ulotoz" {Ice SInv}
  4705 | D:5      | Reached skill level 1 in Spellcasting
  4777 | D:5      | Reached * piety under Cheibriados
  4984 | D:5      | Reached XP level 8. HP: 29/58 MP: 10/10
  5482 | D:5      | Found Plog's Weapon Emporium.
  5504 | D:5      | Bought a +3 great sword of slicing for 293 gold pieces
  5709 | D:5      | Found a blossoming altar of Fedhas.
  6262 | D:6      | Reached ** piety under Cheibriados
  6742 | D:6      | Upgraded the game from 0.23-b1-13-gf37ab262a9 to
                  | 0.23-b1-51-gfe822ef6ca
  7106 | D:7      | Found a sparkling altar of Nemelex Xobeh.
  7495 | D:7      | Reached *** piety under Cheibriados
  7600 | D:8      | Noticed Grum
  7601 | D:8      | Reached XP level 9. HP: 65/65 MP: 13/13
  7765 | D:8      | Killed Grum
  7765 | D:8      | Reached skill level 6 in Long Blades
  8349 | D:8      | Reached **** piety under Cheibriados
  8447 | D:8      | Noticed a komodo dragon
  8452 | D:8      | Killed a komodo dragon
  8452 | D:8      | Reached skill level 5 in Necromancy
  8489 | D:8      | Reached skill level 5 in Fighting
  8489 | D:8      | Reached skill level 5 in Dodging
  8548 | D:8      | Noticed a komodo dragon
  8561 | D:8      | Killed a komodo dragon
  8561 | D:8      | Gained mutation: You have hoof-like feet. [demonic
                  | ancestry]
  8561 | D:8      | Reached XP level 10. HP: 71/74 MP: 14/16
  8568 | D:8      | Found a staircase to the Lair.
  8788 | D:9      | Noticed a two-headed ogre
  8797 | D:9      | Killed a two-headed ogre
  8797 | D:9      | Reached skill level 5 in Short Blades
  8830 | D:9      | Reached skill level 7 in Long Blades
  8863 | D:9      | Reached skill level 5 in Spellcasting
  9018 | D:9      | Reached ***** piety under Cheibriados
  9029 | D:9      | Reached skill level 1 in Evocations
  9046 | D:9      | Found a flagged portal.
  9058 | Bailey   | Entered a bailey
 10158 | Bailey   | Learned a level 3 spell: Regeneration
 11669 | Bailey   | Reached skill level 1 in Invocations
 11734 | Bailey   | Reached skill level 1 in Crossbows
 12262 | Bailey   | Found a roughly hewn altar of Beogh.
 12262 | Bailey   | Noticed an orc knight
 12269 | Bailey   | Killed an orc knight
 12273 | Bailey   | HP: 1/75 [orc warrior/+0 halberd (29)]
 12274 | Bailey   | Mangled by an orc warrior

Skill      XL: |  1  2  3  4  5  6  7  8  9 10 |
---------------+-------------------------------+-----
Dodging        | 3 4 5 |  5.1
Long Blades    | 3 4 5 6 7 |  7.4
Throwing       | 2 |  2.0
Armour         | 1 2 3 4 |  4.3
Stealth        | 1 2 4 |  4.7
Short Blades   | 1 3 4 5 |  5.3
Necromancy     | 1 2 3 5 6 |  6.6
Fighting       | 3 4 5 |  5.6
Spellcasting   | 1 3 4 5 |  5.3
Evocations     | 1 |  1.0
Invocations    | 2 |  2.0
Crossbows      | 1 |  1.8

Action                   |  1- 3 |  4- 6 |  7- 9 | 10-12 || total
-------------------------+-------+-------+-------+-------++-------
Melee: Long sword        |   165 |   110 |     3 |       ||   278
       Headbutt          |       |    32 |    45 |    24 ||   101
       Short sword       |       |    74 |   180 |    13 ||   267
       Kick              |       |       |    77 |    39 ||   116
       Great sword       |       |       |    48 |    64 ||   112
 Fire: Arbalest          |       |       |       |    39 ||    39
Throw: Throwing net      |       |       |       |     2 ||     2
 Cast: Vampiric Draining |       |       |     4 |       ||     4
Invok: Slouch            |       |       |       |     1 ||     1
Evoke: Wand              |       |       |     5 |    10 ||    15
  Use: Potion            |     1 |       |     6 |     3 ||    10
       Scroll            |       |     3 |     5 |     8 ||    16
 Stab: Sleeping          |       |     1 |     8 |     2 ||    11
       Distracted        |       |       |     3 |     1 ||     4
       Paralysed         |       |       |       |     4 ||     4
  Eat: Chunk             |       |    12 |     7 |     1 ||    20
       Ration            |       |       |       |     1 ||     1
Armor: Leather armour    |    32 |    56 |    76 |       ||   164
       Acid dragon scale |       |       |     1 |    53 ||    54
Dodge: Dodged            |    66 |   157 |   206 |   216 ||   645
       Rpst.: Long sword |    20 |    32 |     2 |       ||    54
       Great sword       |       |       |    18 |    16 ||    34
